 Dungeon Crawl Stone Soup version 0.29.1-13-g9f3cf754e1 (webtiles) character file.

Game seed: 12639555485831891428

202380 Damy the Executioner (level 17, -1/166 HPs)
             Began as a Minotaur Berserker on Jan 26, 2023.
             Was a High Priest of Trog.
             Killed by the raging water
             ... invoked by a water nymph
              (25 damage)
             ... on level 2 of the Shoals on Jan 29, 2023.
             The game lasted 02:09:02 (31563 turns).

Damy the Executioner (Minotaur Berserker)          Turns: 31563, Time: 02:09:02

Health: -1/166     AC: 43    Str: 43    XL:     17   Next: 94%
Magic:  5/5        EV: 11    Int:  5    God:    Trog [*****.]
Gold:   3829       SH: 29    Dex: 11    Spells: 16/16 levels left

rFire   + + .      SeeInvis +   b - +4 broad axe (antimagic)
rCold   + . .      Faith    .   c - +3 tower shield of Valour {Int+5 SInv}
rNeg    + . .      Spirit   .   R - +16 plate armour of the Poles {Contam rF+ Str+6}
rPois   +          Reflect  +   S - +2 hat
rElec   +          Harm     .   x - scarf {rC+ rF+}
rCorr   .          Rampage  .   V - +4 pair of gloves of Hopscotch {+Blink}
Will    ++...                   T - +2 pair of boots "Meankela" {rElec rPois}
Stlth   ..........              z - amulet of reflection
HPRegen 0.37/turn               Y - ring of Potwup {+Blink rN+ Str+8 Int-4}
MPRegen 0.09/turn               P - ring of willpower

@: very slow
A: horns 2, retaliatory headbutt
}: 1/15 runes: serpentine
a: Renounce Religion, Evoke Blink, Berserk, Trog's Hand, Brothers in Arms


You were on level 2 of the Shoals.
You worshipped Trog.
Trog was extremely pleased with you.
You visited 5 branches of the dungeon, and saw 28 of its levels.
You also visited: Ossuary, Gauntlet, Ice Cave and Volcano.

You collected 3829 gold pieces.

Inventory:

Hand Weapons
 a - a +2 broad axe of flaming
 b - a +4 antimagic broad axe (weapon)
 H - a +6 broad axe
Missiles
 h - 261 stones (quivered)
 i - 2 throwing nets
 k - 14 javelins
 m - 45 poisoned darts
 w - 4 curare-tipped darts
 D - 32 boomerangs
 K - 8 boomerangs of dispersal
Armour
 c - the +3 tower shield of Valour (worn) {Int+5 SInv}
   (You took it off a minotaur in a Gauntlet)

   Int:       It affects your intelligence (+5).
   SInv:      It lets you see invisible.
 x - a scarf of resistance (worn)
 R - the +16 plate armour of the Poles (worn) {Contam rF+ Str+6}
   (You found it on level 10 of the Dungeon)

   Str:       It affects your strength (+6).
   rF:        It protects you from fire.
   Contam:    It causes magical contamination when unequipped.
 S - a +2 hat (worn)
 T - the +2 pair of boots "Meankela" (worn) {rElec rPois}
   (You found it on level 1 of the Snake Pit)

   rElec:     It insulates you from electricity.
   rPois:     It protects you from poison.
 V - the +4 pair of gloves of Hopscotch (worn) {+Blink}
   (You found it in a Gauntlet)

   +Blink:    It lets you blink.
Jewellery
 z - an amulet of reflection (around neck)
 P - a ring of willpower (right hand)
 Y - the ring of Potwup (left hand) {+Blink rN+ Str+8 Int-4}
   (You found it in a Gauntlet)

   [ring of positive energy]

   Str:       It affects your strength (+8).
   Int:       It affects your intelligence (-4).
   rN:        It protects you from negative energy.
   +Blink:    It lets you blink.
Wands
 n - a wand of charming (14)
 p - a wand of polymorph (1)
 A - a wand of roots (25)
 C - a wand of flame (42)
 L - a wand of digging (4)
 M - a wand of quicksilver (8)
 U - a wand of mindburst (5)
Scrolls
 e - 2 scrolls of blinking
 f - 14 scrolls of teleportation
 g - 6 scrolls of poison
 l - 3 scrolls of fear
 q - a scroll of torment {unknown}
 r - 7 scrolls of enchant armour
 t - 2 scrolls of brand weapon {unknown}
 u - 2 scrolls of silence {unknown}
 v - 3 scrolls of summoning {unknown}
 y - 2 scrolls of fog {unknown}
 B - 6 scrolls of immolation
 F - 2 scrolls of magic mapping {unknown}
 I - 5 scrolls of enchant weapon
Potions
 j - 9 potions of flight
 o - 9 potions of curing
 s - 5 potions of haste
 E - 2 potions of heal wounds
 G - 3 potions of resistance
 N - 5 potions of lignification
 O - 6 potions of cancellation
 Q - a potion of ambrosia
 X - 2 potions of might
Miscellaneous
 d - a phial of floods
 J - a box of beasts
 W - a lightning rod (4/4)
 Z - a tin of tremorstones (2/2)


   Skills:
 + Level 18.5 Fighting
 + Level 22.0 Axes
 + Level 2.2 Throwing
 + Level 14.6 Armour
 + Level 7.1 Dodging
 + Level 3.6 Stealth
 + Level 21.1 Shields
 + Level 0.8 Evocations


You had 16 spell levels left.
You didn't know any spells.
Your spell library was empty.

Dungeon Overview and Level Annotations

Branches:
Dungeon (15/15)            Temple (0/1) D:7            Lair (5/5) D:10
 Shoals (2/4) Lair:3        Snake (4/4) Lair:3        Slime (0/5) Lair:5
    Orc (2/2) D:12            Elf (0/3) Orc:2        Vaults (0/5) D:13
 Depths (0/4) D:15        Ossuary (visited)           IceCv (visited)
Volcano (visited)         Gauntlet (visited)

Altars:
Cheibriados
Elyvilon
Kikubaaqudgha
Sif Muna
Xom
Jiyva

Shops:
D:7 ?   D:11 *   Orc:2 *[(:   Shoals:1 :   Snake:2 [(*:   Snake:3 :

Annotations:
Orc:2 2 transporters, xelsha's ghost, journeyman TrWr


Innate Abilities, Weirdness & Mutations

You have a pair of horns on your head.
You reflexively headbutt those who attack you in melee.


Message History

Your unstable footing causes you to fumble your attack.
The water nymph casts a spell at you. The water swirls and strikes you!
* * * LOW HITPOINT WARNING * * *
You block the merfolk impaler's attack.
Your unstable footing causes you to fumble your attack.
You block the snapping turtle's attack. You block the merfolk siren's attack.
Your deep troll bites the merfolk siren but does no damage.
Your deep troll closely misses the merfolk siren.
Your deep troll claws the merfolk siren!!
You break out of your daze!
The merfolk siren dies!
Trog accepts your kill.
Trog appreciates your killing of a magic user.
You hear a splash.
You block the merfolk impaler's attack. The water nymph touches you.
* * * LOW HITPOINT WARNING * * *
The water nymph drowns you!
* * * LOW HITPOINT WARNING * * *
You feel much better. The harpy claws your deep troll. x2
Your deep troll bites the harpy!
Your deep troll claws the harpy.
Your deep troll barely misses the harpy.
A merfolk siren comes into view. It is wielding a +0 trident.
You block the merfolk impaler's attack.
The snapping turtle bites you but does no damage.
The water nymph touches you. The water nymph drowns you!
* * * LOW HITPOINT WARNING * * *
The merfolk impaler hits you from afar with a +2 trident of protection.
* * * LOW HITPOINT WARNING * * *
The water nymph attacks as you move away!
You block the water nymph's attack.
Your deep troll closely misses the harpy.
Your deep troll misses the harpy.
Your deep troll claws the harpy!
You block the harpy's attack. x2; Your deep troll bites the harpy!
Your deep troll claws the harpy!!
The harpy dies!
Trog accepts your kill.
The water nymph points at you and mumbles some strange words.
The water swirls and strikes you!!
You die...

...~~~~~........m~≈≈≈≈≈#
###.~~~~........)≈##≈#≈≈≈≈
# ##.~~~~~~.....>≈# # ≈≈
###..~~~~~~~~....~# ≈≈
.#.)~~~~~~~~~....≈####≈≈≈
...)~~~~~~~~~~).~~≈≈≈≈≈≈≈
..~~~≈≈~~~~~~~~~~m≈≈≈≈###
~~~~≈≈≈~~~~PP~~~~~m≈≈≈≈≈≈
~≈≈≈≈≈≈≈~~~P~~~P@Tt≈≈≈#≈≈
≈≈≈≈≈≈~~~~~P~~~~~~≈≈≈≈#
~≈≈≈≈~~~~~~..P.~~~~≈≈≈≈≈≈
.~≈≈≈~~~...P..P~~~~~≈≈≈≈≈
~~≈≈≈≈~~~......~~~~~≈≈≈≈≈
~~≈≈≈≈~~~~.....~~~~~≈~≈~~
~)≈≈≈≈~~~~.....~~~~~~~~~~
~~~≈≈≈~~~~~~~...~~~~~~~~
))~~≈≈)~~~~


You could see a merfolk impaler, a snapping turtle, a water nymph and a friendly
deep troll (summoned, berserk).

Vanquished Creatures
  Mara (Snake:3)
  Nikola (Snake:2)
  Jorgrun (D:14)
  5 nagarajas (Snake:4)
  2 azure jellies (IceCv)
  2 orc warlords
  Aizul (Snake:2)
  Louise (Snake:1)
  A quicksilver ooze (IceCv)
  A stone giant (D:15)
  2 merfolk javelineers
  4 merfolk impalers
  Josephine (Lair:3)
  The ghost of theswoord the Cruncher, a journeyman DsGl of Hepliaklqana (Lair:2)
  3 salamander tyrants
  6 vault guards (D:13)
  3 hydras
  2 boulder beetles
  4 merfolk aquamancers
  3 anacondas
  16 naga warriors
  2 catoblepae
  6 two-headed ogres
  A satyr (Shoals:1)
  4 centaur warriors
  3 merfolk avatars (Shoals:2)
  Erica (Lair:1)
  3 tengu warriors
  4 death yaks
  8 shock serpents
  4 orc high priests (Orc:2)
  A sun demon (Volcano)
  7 naga sharpshooters
  A hell knight (Volcano)
  A fire crab (Lair:5)
  Nergalle (Lair:2)
  Sonja (Lair:2)
  4 skeletal warriors (D:11)
  A salamander mystic (Snake:4)
  Lodul (D:14)
  4 sea snakes
  A naga ritualist (Snake:2)
  An obsidian statue (Gauntlet)
  4 orc knights
  2 wizards
  7 mana vipers
  11 harpies
  5 orc sorcerers
  A worldbinder (Gauntlet)
  7 fauns (Shoals:1)
  12 manticores
  30 black mambas
  9 salamanders
  5 cyclopes
  17 naga magi
  11 elephants
  3 torpor snails
  2 merfolk sirens
  Joseph (Lair:1)
  A guardian serpent (Snake:4)
  3 ice statues
  A water nymph (Shoals:1)
  2 molten gargoyles (Volcano)
  6 gargoyles
  An unseen horror (D:11)
  Maggie (Lair:1)
  9 cane toads
  5 komodo dragons
  A cane toad (shapeshifter) (D:15)
  2 kobold demonologists
  14 rime drakes
  3 efreet
  2 ice devils (Lair:4)
  11 trolls
  19 merfolk
  3 polar bears
  A meliai (D:11)
  3 red devils (Volcano)
  3 hornets
  7 blink frogs
  A wind drake (Shoals:1)
  3 dream sheep (Lair:5)
  36 slime creatures
  4 snapping turtles
  2 shadows
  7 water elementals
  2 fire bats (Volcano)
  A vampire (D:12)
  45 yaks
  8 wyverns
  6 humans (D:13)
  9 spriggans (Lair:5)
  6 wraiths
  11 basilisks
  2 chaos spawn (D:15)
  3 vampire mosquitoes (D:15)
  57 nagas
  16 water moccasins
  4 wargs
  2 acid dragons
  A hell hound (Volcano)
  40 orc warriors
  7 black bears
  2 ice beasts
  3 sky beasts
  3 great orb of eyes simulacra (IceCv)
  8 boggarts
  41 wolves
  12 centaurs
  16 ogres
  2 slime creature simulacra (IceCv)
  A phantom (D:6)
  5 kobold brigands
  2 gnoll sergeants (D:11)
  12 bullfrogs
  A scorpion (D:6)
  3 glowing shapeshifter simulacra (IceCv)
  3 necrophages
  An earth elemental (D:11)
  10 wights
  5 killer bees
  An electric eel (Snake:3)
  6 lava snakes (Volcano)
  7 hounds
  10 orc priests
  4 jellies
  3 iguanas (D:6)
  5 hell rats
  25 orc wizards
  8 mummies (Ossuary)
  4 gnolls (D:11)
  10 adders
  2 ufetubi
  A worm (D:3)
  2 dart slugs
  62 orcs
  8 bats
  3 endoplasms
  4 giant cockroaches
  5 goblins
  2 hobgoblins
  2 jackals (D:2)
  A quokka (D:10)
  5 ball pythons
  4 frilled lizards
  2 gnoll zombies (Ossuary)
  2 hobgoblin zombies (Ossuary)
  23 kobolds
  2 kobold zombies (Ossuary)
  2 orc zombies (Ossuary)
  5 rats
  A bush (Lair:2)
970 creatures vanquished.

Vanquished Creatures (collateral kills)
  A minotaur (Gauntlet)
  A salamander tyrant (Snake:4)
  A naga warrior (Snake:4)
  An orc high priest (Orc:1)
  2 naga ritualists (Snake:4)
  A harpy (Shoals:2)
  2 salamanders (Snake:4)
  A merfolk siren (Shoals:2)
  A polar bear (Lair:5)
  A spriggan (Lair:5)
  A naga (Snake:4)
  A black bear (Lair:5)
  2 orc warriors (Orc:1)
  A wolf (Lair:5)
  2 orc priests (Orc:1)
19 creatures vanquished.

Vanquished Creatures (others)
  A naga (Snake:3)
  36 fungi
  73 plants
  A withered plant (Gauntlet)
111 creatures vanquished.

Grand Total: 1100 creatures vanquished

Notes
Turn   | Place    | Note
-------+----------+-------------------------------------------
     0 | D:1      | Damy the Minotaur Berserker began the quest for the Orb.
     0 | D:1      | Reached XP level 1. HP: 19/19 MP: 0/0
   461 | D:1      | Reached XP level 2. HP: 27/27 MP: 1/1
   489 | D:1      | Reached skill level 4 in Axes
   846 | D:2      | Reached XP level 3. HP: 32/33 MP: 2/2
  1212 | D:2      | Reached XP level 4. HP: 41/41 MP: 3/3
  1233 | D:2      | Found a faded altar of an unknown god.
  1635 | D:3      | Identified the +2 leather armour of Wotoil Qew {Rampage
                  | rCorr Int+3 Stlth-}
  1728 | D:3      | Reached ** piety under Trog
  1729 | D:3      | Reached skill level 5 in Axes
  1751 | D:3      | Reached skill level 5 in Fighting
  1814 | D:3      | Reached XP level 5. HP: 47/48 MP: 4/4
  2404 | D:4      | Reached skill level 6 in Axes
  2404 | D:4      | Reached XP level 6. HP: 47/56 MP: 5/5
  2913 | D:5      | Entered Level 5 of the Dungeon
  2998 | D:5      | Reached *** piety under Trog
  3005 | D:5      | Reached skill level 1 in Throwing
  3036 | D:5      | Reached skill level 7 in Axes
  3036 | D:5      | Reached XP level 7. HP: 60/62 MP: 6/6
  3086 | D:5      | Found a sand-covered staircase.
  3094 | Ossuary  | Entered an ossuary
  3120 | Ossuary  | Reached skill level 8 in Axes
  3122 | Ossuary  | Reached skill level 1 in Shields
  3719 | D:6      | Reached skill level 1 in Stealth
  3719 | D:6      | Reached XP level 8. HP: 59/70 MP: 7/7
  3828 | D:6      | Reached skill level 9 in Axes
  4033 | D:6      | Reached skill level 10 in Axes
  4569 | D:7      | Found Gourhiast's Magic Scroll Boutique.
  4622 | D:7      | Found a staircase to the Ecumenical Temple.
  4638 | D:7      | Reached XP level 9. HP: 75/79 MP: 8/8
  4640 | D:7      | Reached skill level 11 in Axes
  4651 | D:7      | Reached skill level 5 in Dodging
  5001 | D:7      | Reached skill level 12 in Axes
  5019 | D:7      | Reached skill level 5 in Armour
  5209 | D:7      | Reached **** piety under Trog
  5603 | D:8      | Noticed a two-headed ogre
  5616 | D:8      | Killed a two-headed ogre
  5617 | D:8      | Reached skill level 13 in Axes
  5617 | D:8      | Reached XP level 10. HP: 67/90 MP: 9/9
  5841 | D:8      | Noticed a cyclops
  5847 | D:8      | Killed a cyclops
  5891 | D:8      | Noticed a two-headed ogre
  5892 | D:8      | Identified the +6 dagger "Irhegywk" {drain, rElec rN+ Int+3
                  | Stlth+}
  5896 | D:8      | Killed a two-headed ogre
  6299 | D:8      | Reached skill level 14 in Axes
  7078 | D:9      | Reached skill level 10 in Fighting
  7285 | D:9      | Identified the +7 chain mail of Free Will {Harm *Slow rElec
                  | rF++}
  7391 | D:10     | Entered Level 10 of the Dungeon
  7404 | D:10     | Found a large runed translucent door.
  7481 | D:10     | Identified the +16 plate armour of the Poles {Contam rF+
                  | Str+6}
  7623 | D:10     | Reached skill level 15 in Axes
  7626 | D:10     | Reached XP level 11. HP: 95/99 MP: 10/10
  7691 | D:10     | Found a large runed translucent door.
  7696 | D:10     | Noticed a death yak
  7708 | D:10     | Noticed a death yak
  7709 | D:10     | Noticed a death yak
  7715 | D:10     | Killed a death yak
  7722 | D:10     | Killed a death yak
  7726 | D:10     | Killed a death yak
  7869 | D:10     | Found a staircase to the Lair.
  8006 | D:10     | Found a snail-covered altar of Cheibriados.
  8012 | D:10     | Reached ***** piety under Trog
  8017 | D:10     | Found a shimmering blue altar of Sif Muna.
  8105 | D:11     | Noticed a two-headed ogre
  8118 | D:11     | Killed a two-headed ogre
  8119 | D:11     | Reached skill level 16 in Axes
  8216 | D:11     | Noticed a tengu warrior
  8232 | D:11     | Killed a tengu warrior
  8383 | D:11     | Reached skill level 5 in Shields
  8386 | D:11     | Noticed a two-headed ogre
  8394 | D:11     | Noticed a four-headed hydra
  8589 | Lair:1   | Entered Level 1 of the Lair of Beasts
  8629 | Lair:1   | Noticed Maggie
  8637 | Lair:1   | Killed Maggie
  8701 | Lair:1   | Reached XP level 12. HP: 92/110 MP: 11/11
  8769 | Lair:1   | Reached skill level 17 in Axes
  8832 | Lair:1   | Noticed Erica
  8848 | Lair:1   | Killed Erica
  8970 | Lair:1   | Found a gate leading to a gauntlet.
  8979 | Gauntlet | Entered a Gauntlet
  8979 | Gauntlet | Found a large runed translucent door.
  8979 | Gauntlet | Found a large runed translucent door.
  8979 | Gauntlet | Found a large runed translucent door.
  8979 | Gauntlet | Found a large runed translucent door.
  8979 | Gauntlet | Found a large runed translucent door.
  8979 | Gauntlet | Found a large runed translucent door.
  8979 | Gauntlet | Found a large runed translucent door.
  8979 | Gauntlet | Found a large runed translucent door.
  8979 | Gauntlet | Found a runed translucent door.
  8979 | Gauntlet | Found a runed translucent gate.
  8979 | Gauntlet | Found a transporter.
  8979 | Gauntlet | Found a transporter.
  8979 | Gauntlet | Found a runed translucent gate.
  8979 | Gauntlet | Found a transporter.
  8980 | Gauntlet | Found a transporter.
  8983 | Gauntlet | Found a transporter.
  8983 | Gauntlet | Found a transporter.
  8996 | Gauntlet | Found a transporter.
  8997 | Gauntlet | Found a transporter.
  8999 | Gauntlet | Found a transporter.
  9002 | Gauntlet | Noticed a catoblepas
  9006 | Gauntlet | Found a transporter.
  9007 | Gauntlet | Found a transporter.
  9012 | Gauntlet | Found a transporter.
  9051 | Gauntlet | Found a runed translucent gate.
  9052 | Gauntlet | Found a large runed translucent door.
  9052 | Gauntlet | Found a large runed translucent door.
  9053 | Gauntlet | Found a large runed translucent door.
  9054 | Gauntlet | Found a large runed translucent door.
  9055 | Gauntlet | Found a large runed translucent door.
  9055 | Gauntlet | Found a large runed translucent door.
  9055 | Gauntlet | Found a runed translucent door.
  9056 | Gauntlet | Found a large runed translucent door.
  9057 | Gauntlet | Found a large runed translucent door.
  9226 | Gauntlet | Identified the +4 pair of gloves of Hopscotch {+Blink}
  9625 | Gauntlet | Identified the ring of Potwup {+Blink rN+ Str+8 Int-4}
  9638 | Gauntlet | Received a gift from Trog
  9667 | Gauntlet | Identified the +4 double sword of Anguish {vorpal, *Slow
                  | rC+ rCorr Str+4}
  9667 | Gauntlet | Identified the +0 swamp dragon scales of Fanaticism {Fly
                  | rPois rF+ MP+9 Dex+2}
  9667 | Gauntlet | Identified the +3 tower shield of Valour {Int+5 SInv}
  9667 | Gauntlet | Noticed a minotaur
  9674 | Gauntlet | Killed a minotaur
  9696 | Gauntlet | Identified the +1 leather armour of the Great Game {rC-
                  | rCorr Str+5 Int+4}
  9866 | Lair:1   | Noticed Joseph
  9874 | Lair:1   | Killed Joseph
 10267 | Lair:2   | Noticed a four-headed hydra
 10273 | Lair:2   | Killed a one-headed hydra
 10286 | Lair:2   | Found a runed translucent door.
 10311 | Lair:2   | Noticed theswoord's ghost (journeyman DsGl)
 10368 | Lair:2   | Killed theswoord's ghost
 10488 | Lair:2   | Noticed Sonja
 10516 | Lair:2   | Killed Sonja
 10524 | Lair:2   | HP: 5/113 [poisoned by Sonja]
 10550 | Lair:2   | Noticed Nergalle
 10555 | Lair:2   | Killed Nergalle
 10560 | Lair:2   | Noticed a catoblepas
 10571 | Lair:2   | Killed a catoblepas
 10580 | Lair:2   | Reached XP level 13. HP: 34/122 MP: 12/12
 11289 | Lair:3   | Reached skill level 18 in Axes
 11423 | Lair:3   | Found a staircase to the Snake Pit.
 11656 | Lair:3   | Found a white marble altar of Elyvilon.
 11665 | Lair:3   | Received a gift from Trog
 11708 | Lair:3   | Found a dark tunnel.
 11713 | Volcano  | Entered a volcano
 12201 | Volcano  | Found a bloodstained altar of Trog.
 12211 | Volcano  | Reached skill level 10 in Shields
 12603 | Lair:3   | Noticed Josephine
 12611 | Lair:3   | Killed Josephine
 12612 | Lair:3   | Reached skill level 10 in Armour
 12857 | Lair:3   | Found a staircase to the Shoals.
 13369 | Lair:4   | Found the +4 skin of Zhor {*Englaciate rC+++ SInv}
 13386 | Lair:4   | Found a frozen archway.
 13404 | IceCv    | Entered an ice cave
 13768 | IceCv    | Got the +6 spear "Rokaidoo" {freeze, rElec rF++}
 13938 | IceCv    | Noticed a quicksilver ooze
 13945 | IceCv    | Killed a quicksilver ooze
 13992 | IceCv    | Reached skill level 19 in Axes
 14013 | IceCv    | Reached XP level 14. HP: 117/132 MP: 13/13
 14028 | IceCv    | Found a viscous altar of Jiyva.
 14028 | IceCv    | Noticed an azure jelly
 14034 | IceCv    | Noticed an azure jelly
 14037 | IceCv    | Killed an azure jelly
 14044 | IceCv    | Killed an azure jelly
 14189 | IceCv    | Identified the +9 plate armour of Marbles {rN+ Dex+3
                  | Stlth+}
 14193 | IceCv    | Identified the ring "Jizxok" {rPois SInv}
 14791 | Lair:4   | Received a gift from Trog
 15359 | Lair:5   | Entered Level 5 of the Lair of Beasts
 15788 | Lair:5   | Reached skill level 15 in Fighting
 16009 | Lair:5   | Found a viscous altar of Jiyva.
 16009 | Lair:5   | Found a staircase to the Slime Pits.
 16596 | D:11     | Found Jirghot's Pet Rocks.
 17011 | D:12     | Reached XP level 15. HP: 139/143 MP: 14/14
 17027 | D:12     | Identified the +4 scale mail of Inviolability {Rampage
                  | rElec Dex-5}
 17044 | D:12     | Found a staircase to the Orcish Mines.
 17118 | D:12     | You fall into a shaft and drop 2 floors!
 17143 | D:14     | Found the +1 robe of Vines {NoPotionHeal Regen++++}
 17272 | D:12     | Identified the +10 long sword "Anypt" {drain, rElec Str+2}
 17291 | D:12     | Reached skill level 20 in Axes
 17813 | Orc:1    | Entered Level 1 of the Orcish Mines
 18008 | Orc:1    | Noticed an orc warlord
 18158 | D:12     | Killed an orc warlord
 18158 | D:12     | Received a gift from Trog
 18348 | Orc:1    | Identified the +6 quarterstaff of Xeops {venom, rPois rC+
                  | Int+4}
 19026 | Orc:2    | Entered Level 2 of the Orcish Mines
 19026 | Orc:2    | Found a staircase to the Elven Halls.
 19030 | Orc:2    | Found Tupn's Antique Weapon Emporium.
 19046 | Orc:2    | Reached skill level 15 in Shields
 19489 | Orc:2    | Found Soamaim's Book Shoppe.
 19490 | Orc:2    | Noticed an orc warlord
 19512 | Orc:2    | Killed an orc warlord
 19578 | Orc:2    | Received a gift from Trog
 19834 | Orc:2    | Noticed xelsha's ghost (journeyman TrWr)
 19835 | Orc:2    | Identified the ring of the Illusory Xalams {Str+3 SInv}
 19847 | Orc:2    | Found a transporter.
 20022 | Orc:2    | Found Ostrukara's General Store.
 20073 | Orc:2    | Found a transporter.
 20143 | Orc:2    | Found Ucrenlom's Antique Armour Shop.
 20234 | Orc:2    | Found a one-way gate to the infinite horrors of the Abyss.
 20663 | D:13     | Found an ancient bone altar of Kikubaaqudgha.
 20940 | D:13     | Found a gate to the Vaults.
 21538 | D:14     | Noticed Jorgrun
 21551 | D:14     | Killed Jorgrun
 21698 | D:14     | Noticed Lodul
 21708 | D:14     | Killed Lodul
 21865 | D:14     | Received a gift from Trog
 22214 | D:15     | Entered Level 15 of the Dungeon
 22382 | D:15     | Found the +7 mace of Variability {chain chaos}
 22388 | D:15     | Found a shimmering altar of Xom.
 22673 | D:15     | Reached XP level 16. HP: 138/154 MP: 15/15
 22718 | D:15     | Found a staircase to the Depths.
 23166 | Snake:1  | Entered Level 1 of the Snake Pit
 23244 | Snake:1  | Identified the +2 pair of boots "Meankela" {rElec rPois}
 23696 | Snake:1  | Noticed Louise
 23707 | Snake:1  | Killed Louise
 24441 | Snake:2  | Found Kimoax's Antique Armour Emporium.
 24444 | Snake:2  | Found Wipec's Assorted Antiques.
 24444 | Snake:2  | Found Paerhiu's Antique Weapon Emporium.
 24506 | Snake:2  | Found Dojylor's Book Shoppe.
 24756 | Snake:2  | Received a gift from Trog
 25013 | Snake:2  | Noticed Aizul
 25035 | Snake:2  | Killed Aizul
 25372 | Snake:2  | Reached skill level 21 in Axes
 25684 | Snake:2  | Identified the +1 pair of gloves of Defiance {Str+2}
 25684 | Snake:2  | Noticed Nikola
 25697 | Snake:2  | Killed Nikola
 26438 | Snake:3  | Received a gift from Trog
 26607 | Snake:3  | Noticed Mara
 26623 | Snake:3  | Noticed Damy's illusion
 26636 | Snake:3  | Noticed Damy's illusion
 26642 | Snake:3  | Noticed Damy's illusion
 26675 | Snake:3  | Killed Mara
 27326 | Snake:3  | Identified the +2 robe of Supple Strength {+Inv rN+ Dex+3}
 27381 | Snake:3  | Found Fiefush's Book Shoppe.
 27892 | Snake:4  | Entered Level 4 of the Snake Pit
 28211 | Snake:4  | Reached XP level 17. HP: 157/163 MP: 5/16
 29681 | Snake:4  | Got a serpentine rune of Zot
 29978 | Shoals:1 | Entered Level 1 of the Shoals
 30126 | Shoals:1 | Found Ironuc's Vocational Training.
 31181 | Shoals:2 | Reached ****** piety under Trog
 31299 | Shoals:2 | Received a gift from Trog
 31300 | Shoals:2 | Reached skill level 22 in Axes
 31556 | Shoals:2 | HP: 2/166 [merfolk impaler/+2 trident of protection (15)]
 31563 | Shoals:2 | Killed from afar by a water nymph

Illustrated notes

Levels and vault maps discovered:
D:1:      dpeg_arrival_renting, layout_basic
D:2:      layout_rooms, shapermc_ecumenical_altar_mp_ritualfount,
          grunt_ministairs_8, kennysheep_doodads
D:3:      layout_rooms, minmay_quadrilaterals
D:4:      layout_gridville
D:5:      layout_cave_pools, enter_ossuary_1, kennysheep_small_circle
D:6:      layout_loops_ring
D:7:      layout_basic, minmay_temple_entry_overgrown, serial_shops,
          nicolae_stop_n_shop_1
D:8:      layout_basic, dk_noncrumbling_2
D:9:      layout_big_octagon
D:10:     layout_cave_pools, jmf_multi_god_temple2, dpeg_lair_monsters
D:11:     cheibrodos_fzero, layout_rooms, guppyfry_shop_earth
D:12:     kennysheep_blocky_hall, layout_small_grid
D:13:     layout_long_grid, ximxim_vaults_locker_room, kiku_gazebo_pond_becter
D:14:     layout_irregular_city, chequers_mini_garden, uniq_lodul, uniq_jorgrun
D:15:     grunt_enter_depths_snipers, layout_irregular_city,
          palyth_stone_intersect, minmay_guarded_unrand_variability
Lair:1:   layout_gridlike, gauntlet_entry_generic, patterned_corridor,
          uniq_erica, uniq_joseph, uniq_maggie
Lair:2:   layout_misc_corridors, ebering_ghost_reflecting_pool,
          grunt_forest_stairs_basic, uniq_sonja, uniq_nergalle
Lair:3:   layout_layer_cave, minmay_shoals_entry_lonely_mermaid,
          dummy_snake_entry, enter_volcano_4, basic_altar, uniq_josephine
Lair:4:   layout_hall_layers, special_room [special_room_mythical_zoo],
          portal_ice_cave_demonic_guard, hellmonk_guarded_unrand_zhor,
          infiniplex_staircase_pool_2, grunt_megastairs_3, lemuel_fruit_tree
Lair:5:   minmay_lair_end_enchanted_forest, layout_hall_layers,
          minmay_slime_entry_pillars
Shoals:1: cheibrodos_shoals_oceanic_diplomacy, layout_shoals,
          nicolae_shop_vocational
Shoals:2: layout_shoals, st_sunken_huts
Snake:1:  layout_chambers, uniq_louise
Snake:2:  layout_onion_interference, minmay_shoptagon, grunt_megastairs_2,
          uniq_aizul, uniq_nikola
Snake:3:  layout_onion, serial_shops, nicolae_lakefront_shop,
          hangedman_snake_corridor_cut, serial_bayou_shore_b,
          grunt_megastairs_1, uniq_mara
Snake:4:  minmay_snake_end_coiled, layout_misc_corridors, grunt_ministairs_4
Orc:1:    orc_temple, layout_diamond_mine, serial_shops, shop_fountains,
          nooodl_orcs_dogs, uniq_maurice
Orc:2:    grunt_orc_gardens, layout_caves, grunt_orc_garden, grunt_orc_garden,
          grunt_orc_garden, grunt_orc_garden, gammafunk_ghost_abyssal_escape,
          basic_altar

Skill      XL: |  1  2  3  4  5  6  7  8  9 10 11 12 13 14 15 16 17 |
---------------+----------------------------------------------------+-----
Axes           | 4 5 6 7 8 10 13 15 16 17 19 20 21 22 | 22.0
Fighting       | 4 5 6 7 8 10 11 13 14 15 16 17 18 | 18.5
Armour         | 3 4 5 7 9 10 11 12 13 14 | 14.6
Dodging        | 3 4 5 6 7 |  7.1
Throwing       | 1 2 |  2.2
Shields        | 1 2 3 4 5 9 11 14 16 18 21 | 21.1
Stealth        | 1 2 3 |  3.6
Evocations     | |  0.8

Action                   |  1- 3 |  4- 6 |  7- 9 | 10-12 | 13-15 | 16-18 || total
-------------------------+-------+-------+-------+-------+-------+-------++-------
Melee: Hand axe          |    48 |    16 |       |       |       |       ||    64
       Headbutt          |     6 |    12 |    25 |    81 |   204 |   197 ||   525
       Punch             |     1 |       |     2 |     4 |       |       ||     7
       War axe           |       |    85 |   191 |   300 |       |       ||   576
       Broad axe         |       |       |       |    94 |   943 |   780 ||  1817
Throw: Stone             |     8 |     3 |       |     7 |    15 |     3 ||    36
Invok: Berserk           |     1 |       |     2 |     1 |     4 |     1 ||     9
       Trog's Hand       |       |       |       |     2 |     5 |     4 ||    11
       Brothers in Arms  |       |       |       |     1 |     2 |     6 ||     9
 Abil: Evoke Blink       |       |       |       |     2 |       |       ||     2
  Use: Scroll            |       |       |     6 |    10 |     6 |     4 ||    26
       Potion            |       |       |       |     4 |       |     8 ||    12
 Stab: Petrified         |       |       |       |     2 |     7 |       ||     9
       Distracted        |       |       |       |       |     1 |       ||     1
Armor: Animal skin       |     9 |       |       |       |       |       ||     9
       Leather armour    |     5 |    37 |    58 |    16 |       |       ||   116
       Scale mail        |       |     4 |       |       |       |       ||     4
       Plate armour      |       |       |       |   280 |   327 |   314 ||   921
Dodge: Dodged            |    30 |    53 |    87 |   146 |   144 |   164 ||   624
Block: Other             |       |     5 |    34 |    28 |       |       ||    67
       Reflection        |       |       |     1 |    10 |    77 |   136 ||   224
       Kite shield       |       |       |       |   112 |       |       ||   112
       Tower shield      |       |       |       |   125 |  1002 |  1117 ||  2244
